 Dungeon Crawl Stone Soup version 0.27.1-4-g1640c2035a (webtiles) character file.

Game seed: 3499946416519823634

158 tizbic2 the Vexing (level 5, 0/40 HPs)
             Began as a Draconian Enchanter on Nov 17, 2021.
             Was a Believer of Vehumet.
             Slain by a gnoll (5 damage)
             ... on level 3 of the Dungeon.
             The game lasted 00:18:23 (2905 turns).

tizbic2 the Vexing (Draconian Enchanter)            Turns: 2905, Time: 00:18:24

Health: 0/40       AC:  5    Str: 16    XL:     5   Next: 16%
Magic:  9/9        EV:  9    Int: 17    God:    Vehumet [**....]
Gold:   90         SH: 10    Dex: 11    Spells: 5/10 levels left

rFire    . . .     SeeInvis .   i - +2 long sword (holy)
rCold    . . .     Faith    .   g - +2 kite shield
rNeg     . . .     Spirit   .   (armour unavailable)
rPois    .         Reflect  .   (helmet restricted)
rElec    .         Harm     .   (no cloak)
rCorr    .         Rampage  .   (no gloves)
Will     .....                  (no boots)
Stlth    ++........             (no amulet)
HPRegen  0.13/turn              f - +6 ring of strength
MPRegen  0.11/turn              (no ring)

@: flying
A: AC +5, unfitting armour, cold-blooded
a: Renounce Religion


You were on level 3 of the Dungeon.
You worshipped Vehumet.
Vehumet was pleased with you.
You visited 1 branch of the dungeon, and saw 3 of its levels.

You collected 90 gold pieces.

Inventory:

Hand Weapons
 a - a +1 dagger
 i - a +2 long sword of holy wrath (weapon)
Missiles
 c - 4 atropa-tipped darts (quivered)
Armour
 g - a +2 kite shield (worn)
Jewellery
 f - a +6 ring of strength (left hand)
Scrolls
 b - 5 scrolls of identify {unknown}
 d - a scroll of amnesia {unknown}
 e - 2 scrolls of holy word {unknown}
 h - a scroll of fog {unknown}


   Skills:
 - Level 1.2 Fighting
 - Level 1.6 Short Blades
 - Level 2.6 Dodging
 - Level 2.6 Stealth
 * Level 2.0 Shields
 + Level 3.0 Spellcasting
 + Level 1.1 Conjurations
 - Level 3.0 Hexes


You had 5 spell levels left.
You knew the following spells:

 Your Spells              Type           Power      Damage    Failure   Level
a - Corona                Hex            13%        N/A       26%         1
b - Foxfire               Conj/Fire      16%        2x1d4     58%         1
c - Tukima's Dance        Hex            12%        N/A       63%         3

Your spell library contained the following spells:

 Spells                   Type           Power      Damage    Failure   Level
 Static Discharge         Conj/Air       4%         N/A       73%         2
 Ensorcelled Hibernation  Hex/Ice        14%        N/A       58%         2
 Confusing Touch          Hex            12%        N/A       63%         3
 Animate Skeleton         Necr           4%         N/A       67%         1
 Apportation              Tloc           4%         N/A       67%         1
 Pain                     Necr           8%         1d4       67%         1
 Sandblast                Erth           4%         2d4       67%         1
 Sting                    Tmut/Pois      8%         1d3       67%         1
 Dazzling Flash           Conj/Hex       18%        N/A       75%         3
 Passwall                 Tmut/Erth      1%         N/A       80%         2
 Poisonous Vapours        Pois/Air       4%         N/A       80%         2
 Stone Arrow              Conj/Erth      8%         3d7       91%         3
 Vampiric Draining        Necr           1%         2d6       95%         3
 Olgreb's Toxic Radiance  Pois           2%         N/A       100%        4
 Alistair's Intoxication  Tmut/Pois      1%         N/A       100%        5
 Bolt of Magma            Conj/Fire/Erth 1%         4d4       100%        5
 Lee's Rapid Deconstruct  Erth           1%         3d5*      100%        5
 Invisibility             Hex            6%         N/A       100%        6
 Shatter                  Erth           1%         3d5*      100%        9


Dungeon Overview and Level Annotations

Branches:
Dungeon (3/15)

Altars:
Vehumet


Innate Abilities, Weirdness & Mutations

Your plain brown scales are hard. (AC +5)
You cannot fit into any form of body armour.
You are cold-blooded and may be slowed by cold attacks.


Message History

The gnoll barely misses you.
You riposte.
You barely miss the gnoll.
The gnoll is severely wounded.
You slash the gnoll!
You kill the gnoll!
Vehumet accepts your kill. The gnoll barely misses you.
The gnoll hits you from afar with a +2 spear of freezing.
You feel yourself slow down. The gnoll freezes you.
You block the gnoll's attack.
Your Shields skill increases to level 2!
Your Spellcasting skill increases to level 3!
You feel yourself speed up.
The gnoll hits you from afar with a +2 spear of freezing.
You feel yourself slow down. The gnoll freezes you.
The gnoll barely misses you.
Casting: Foxfire (safe; 58% risk of failure)
Confirm with . or Enter, or press ? or * to list all spells.
Aiming: Corona (safe; 26% risk of failure)
Press: ? - help, Shift-Dir - straight line, f - gnoll
Aim: a gnoll, wielding a +2 spear of freezing (chance to affect: 57%)
The gnoll struggles to resist.
You feel yourself speed up.
The gnoll hits you from afar with a +2 spear of freezing.
You feel yourself slow down. The gnoll freezes you.
The gnoll hits you but does no damage.
The gnoll hits you from afar with a +2 spear of freezing.
* * * LOW HITPOINT WARNING * * *
The gnoll freezes you.
* * * LOW HITPOINT WARNING * * *
You block the gnoll's attack.
It was a potion of flight.
You feel very buoyant.
You fly up into the air.
The gnoll barely misses you.
The gnoll hits you from afar with a +0 spear.
* * * LOW HITPOINT WARNING * * *
You feel yourself speed up. You block the gnoll's attack.
The gnoll hits you with a +0 spear.
* * * LOW HITPOINT WARNING * * *
You block the gnoll's attack. The gnoll hits you with a +0 spear.
You die...

#.. #.###.###.#
#....)....#
#######'###.#
#...........#
#......)...##
#..........#
#........gg#
#........@.#
#########.########
#..........
#..........
#..........
#..........
#..........
#..........
#..........


You could see 2 gnolls.

Vanquished Creatures
  An orc priest (D:3)
  An adder (D:2)
  3 gnolls
  A worm (D:2)
  3 dart slugs
  8 orcs (D:3)
  3 bats
  7 endoplasms
  2 giant cockroaches (D:1)
  6 goblins
  6 hobgoblins
  3 jackals (D:2)
  8 kobolds
  3 quokkas (D:2)
  5 ball pythons
  3 frilled lizards
  7 rats
70 creatures vanquished.

Vanquished Creatures (others)
  A dancing weapon (D:2)
  22 foxfires
23 creatures vanquished.

Grand Total: 93 creatures vanquished

Notes
Turn   | Place    | Note
-------+----------+-------------------------------------------
     0 | D:1      | tizbic2 the Draconian Enchanter began the quest for the
                  | Orb.
     0 | D:1      | Reached XP level 1. HP: 14/14 MP: 3/3
   357 | D:1      | Reached XP level 2. HP: 22/22 MP: 5/5
   608 | D:1      | Found a faded altar of an unknown god.
   619 | D:1      | Became a worshipper of Vehumet
   619 | D:1      | Reached * piety under Vehumet
   619 | D:1      | Offered knowledge of Foxfire by Vehumet.
   623 | D:1      | Learned a level 1 spell: Foxfire
   727 | D:1      | Reached XP level 3. HP: 23/27 MP: 3/6
  1210 | D:2      | Learned a level 3 spell: Tukima's Dance
  1303 | D:2      | Reached skill level 1 in Fighting
  2190 | D:2      | Reached XP level 4. HP: 31/35 MP: 3/7
  2352 | D:2      | Offered knowledge of Static Discharge by Vehumet.
  2434 | D:2      | Reached ** piety under Vehumet
  2686 | D:3      | Reached skill level 1 in Shields
  2729 | D:3      | Reached skill level 1 in Conjurations
  2855 | D:3      | Reached XP level 5. HP: 31/40 MP: 5/9
  2905 | D:3      | Slain by a gnoll

Illustrated notes

Levels and vault maps discovered:
D:1:      dpeg_arrival_boxorama, layout_basic,
          hellmonk_ecumenical_altar_arch_garden, minmay_misc_feat_hallway,
          minmay_pentomino_w4
D:2:      layout_basic, serial_curves, eino_curves_01, eino_curves_01,
          st_stairs_4, grunt_ministairs_2, lexackson_kobold_supper
D:3:      layout_basic

Skill      XL: |  1  2  3  4  5 |
---------------+----------------+-----
Dodging        | 2 |  2.6
Fighting       | 1 |  1.2
Hexes          | 3 |  3.0
Shields        | 1 2 |  2.0
Conjurations   | 1 |  1.1
Spellcasting   | 3 |  3.0
Short Blades   | |  1.6
Stealth        | |  2.6

Action                   |  1- 3 |  4- 6 || total
-------------------------+-------+-------++-------
Melee: Dagger            |   144 |    33 ||   177
       Tailslap          |    18 |     9 ||    27
       Long sword        |       |    32 ||    32
Throw: Dart              |     2 |       ||     2
 Cast: Corona            |    19 |     8 ||    27
       Foxfire           |    12 |     3 ||    15
       Tukima's Dance    |     1 |       ||     1
  Use: Potion            |       |     1 ||     1
 Stab: Sleeping          |     3 |     3 ||     6
Armor: Skin              |    36 |    20 ||    56
Dodge: Dodged            |    63 |    28 ||    91
Block: Kite shield       |    18 |    40 ||    58
       Rpst.: Long sword |       |     8 ||     8
